 Dungeon Crawl Stone Soup version 0.28.0-43-g3370ac3207 (webtiles) character file.

Game seed: 13808234557439809472

375 sizableburger the Skirmisher (level 6, -7/51 HPs)
             Began as a Mummy Abyssal Knight on Mar 10, 2022.
             Was a Believer of Lugonu.
             Mangled by an iguana (9 damage)
             ... on level 5 of the Dungeon.
             The game lasted 00:08:04 (4862 turns).

sizableburger the Skirmisher (Mummy Abyssal Knight) Turns: 4862, Time: 00:08:04

Health: -7/51      AC:  6    Str: 16    XL:     6   Next: 44%
Magic:  6/8        EV:  9    Int: 12    God:    Lugonu [**....]
Gold:   167        SH:  0    Dex: 12    Spells: 6/7 levels left

rFire   x . .      SeeInvis .   a - +2 spear
rCold   + . .      Faith    .   (no shield)
rNeg    + + +      Spirit   .   j - +0 scale mail
rPois   ∞          Reflect  .   (no helmet)
rElec   .          Harm     .   (no cloak)
rCorr   .          Rampage  .   (no gloves)
Will    +....                   (no boots)
Stlth   ..........              (no amulet)
HPRegen 0.17/turn               h - ring of willpower
MPRegen 0.11/turn               (no ring)

@: no status effects
A: cold resistance 1, negative energy resistance 3, torment resistance 2, heat
vulnerability 1, no potions
a: Renounce Religion, Depart the Abyss, Bend Space


You were on level 5 of the Dungeon.
You worshipped Lugonu.
Lugonu was pleased with you.
You visited 1 branch of the dungeon, and saw 5 of its levels.
You visited the Abyss 1 time.

You collected 167 gold pieces.

Inventory:

Hand Weapons
 a - a +2 spear (weapon)
Missiles
 f - 8 poisoned darts
 g - 4 boomerangs (quivered)
Armour
 b - a +0 leather armour
 j - a +0 scale mail (worn)
Jewellery
 h - a ring of willpower (left hand)


   Skills:
 + Level 5.3 Fighting
 + Level 4.0 Polearms
 - Level 1.5 Armour
 - Level 0.7 Dodging
 - Level 1.4 Spellcasting
 - Level 1.2 Necromancy
 + Level 1.5 Invocations


You had 6 spell levels left.
You knew the following spells:

 Your Spells              Type           Power      Damage    Failure   Level
a - Pain                  Necr           12%        1d4       54%         1

Your spell library contained the following spells:

 Spells                   Type           Power      Damage    Failure   Level
 Sting                    Tmut/Pois      0%         1d3       71%         1
 Poisonous Vapours        Pois/Air       0%         N/A       85%         2
 Olgreb's Toxic Radiance  Pois           0%         N/A       100%        4
 Agony                    Necr           3%         N/A       100%        5
 Excruciating Wounds      Necr           1%         N/A       100%        5


Dungeon Overview and Level Annotations

Branches:
Dungeon (5/15)
 Temple: D:4-7

Altars:

Annotations:
D:2 Sigmund
D:4 Ijyb, Menkaure


Innate Abilities, Weirdness & Mutations

You are immune to poison.
Your flesh is cold resistant. (rC+)
You are immune to negative energy. (rN+++)
You are immune to unholy pain and torment.
You are vulnerable to heat. (rF-)
You do not drink.


Message History

You hit the iguana.
The iguana is severely wounded.
You barely miss the iguana.
The iguana is severely wounded.
The iguana bites you!
You hit the iguana.
The iguana is almost dead.
The iguana bites you.
* * * LOW HITPOINT WARNING * * *
You hit the iguana but do no damage.
The iguana is almost dead.
The iguana bites you.
* * * LOW HITPOINT WARNING * * *
You hit the iguana but do no damage.
The iguana is almost dead.
The iguana bites you.
* * * LOW HITPOINT WARNING * * *
You hit the iguana.
The iguana is almost dead.
The iguana closely misses you. Space bends around you!
You blink.
Throw: 4 boomerangs
Press: ? - help, Q - select action, (/) - cycle Shift-Dir - straight line, f/p - iguana
Aim: an iguana (almost dead, 63% to hit)
You throw a boomerang. The boomerang barely misses the iguana.
Unknown command.
Reach: a) +2 spear
Press: ? - help, Dir - move target, f/p - iguana
Aim: an iguana (almost dead, about 31% to evade your +2 spear)
You reach to attack!
You closely miss the iguana.
The iguana is almost dead.
Unknown command.
Space bends around you!
You blink.
Space bends around you!
You blink.
You aren't carrying any scrolls.
You can't drink.
Okay, then.
The iguana bites you but does no damage.
The iguana bites you!
You die...

#####.........#...##.....
#......###'####...#......
#......#...# ....#......
#......#...# ....#......
#......#...# ....#......
#......#...+ .....#......
###......#...# #......
........####+######+###....
........#.@.......?...#....
........#l............#....
........#.............#(...
........#.............#....
........########..###'#..<.
.............# ####........
.............# #...>....
.............# #........
.............# #........


You could see an iguana.

Vanquished Creatures
  Edmund (D:4)
  A necrophage (D:3)
  A hound skeleton (D:4)
  A howler monkey zombie (D:5)
  A howler monkey skeleton (D:4)
  6 adders
  An ufetubus (D:4)
  2 adder skeletons (D:4)
  2 worms (D:3)
  4 dart slugs
  3 orcs
  2 bats (D:3)
  11 endoplasms
  6 giant cockroaches
  4 goblins
  3 hobgoblins
  2 jackals (D:1)
  3 quokkas
  3 ball pythons
  3 frilled lizards (D:1)
  5 kobolds
  6 rats
71 creatures vanquished.

Notes
Turn   | Place    | Note
-------+----------+-------------------------------------------
     0 | Abyss:1  | sizableburger the Mummy Abyssal Knight began the quest for
                  | the Orb.
     0 | Abyss:1  | Reached XP level 1. HP: 18/18 MP: 2/2
    50 | Abyss:1  | Noticed an iron imp
    61 | Abyss:1  | Noticed a thrashing horror
    64 | D:1      | Escaped the Abyss
   285 | D:1      | Reached XP level 2. HP: 24/24 MP: 3/3
   299 | D:1      | Learned a level 1 spell: Pain
   530 | D:1      | Reached * piety under Lugonu
   892 | D:1      | Reached XP level 3. HP: 27/29 MP: 4/4
  1303 | D:2      | Reached skill level 1 in Spellcasting
  1761 | D:2      | Reached skill level 1 in Necromancy
  2051 | D:2      | Noticed Sigmund
  2550 | D:3      | Reached XP level 4. HP: 37/37 MP: 6/6
  2860 | D:3      | Noticed a necrophage
  3249 | D:3      | Killed a necrophage
  3250 | D:3      | Reached skill level 4 in Fighting
  3250 | D:3      | Reached XP level 5. HP: 29/43 MP: 7/7
  3820 | D:4      | Noticed Edmund
  3880 | D:4      | Killed Edmund
  3881 | D:4      | Reached skill level 5 in Fighting
  3881 | D:4      | Reached XP level 6. HP: 28/51 MP: 8/8
  4345 | D:4      | Reached ** piety under Lugonu
  4395 | D:4      | Noticed Menkaure
  4656 | D:4      | Noticed Ijyb
  4706 | D:5      | Entered Level 5 of the Dungeon
  4862 | D:5      | Mangled by an iguana

Illustrated notes

Levels and vault maps discovered:
D:1:      amcnicky_arrival_blooded_trapdoor, layout_basic
D:2:      layout_loops_corners, minmay_pentomino_z4, uniq_sigmund
D:3:      layout_loops_corners
D:4:      layout_gridville, grunt_ministairs_11, minmay_circle_x, uniq_edmund,
          uniq_ijyb, uniq_menkaure
D:5:      layout_gridville

Skill      XL: |  1  2  3  4  5  6 |
---------------+-------------------+-----
Polearms       | 2 3 4 |  4.0
Spellcasting   | 1 |  1.4
Necromancy     | 1 |  1.2
Fighting       | 4 5 |  5.3
Armour         | |  1.5
Dodging        | |  0.7
Invocations    | |  1.5

Action                   |  1- 3 |  4- 6 || total
-------------------------+-------+-------++-------
Melee: Spear             |   124 |   198 ||   322
       Punch             |       |     1 ||     1
Throw: Boomerang         |       |    10 ||    10
       Dart              |       |     2 ||     2
Invok: Depart the Abyss  |     1 |       ||     1
       Bend Space        |       |     3 ||     3
  Use: Scroll            |     2 |     7 ||     9
 Stab: Sleeping          |     1 |       ||     1
Armor: Leather armour    |    17 |       ||    17
       Scale mail        |       |    51 ||    51
Dodge: Dodged            |    47 |    69 ||   116
